 Dungeon Crawl Stone Soup version 0.28-a0-1629-gf728b707aa (webtiles) character file.

Game seed: 2371334931831630657

4 wateke the Skirmisher (level 1, 0/18 HPs)
             Began as a Human Fighter on Jan 24, 2022.
             Slain by a rat (1 damage)
             ... on level 1 of the Dungeon.
             The game lasted 00:01:19 (101 turns).

wateke the Skirmisher (Human Fighter)                Turns: 101, Time: 00:01:19

Health: 0/18       AC:  6    Str: 16    XL:     1   Next: 66%
Magic:  1/1        EV:  8    Int:  8    God:
Gold:   0          SH:  4    Dex: 12    Spells: 0/0 levels left

rFire   . . .      SeeInvis .   a - +0 long sword
rCold   . . .      Faith    .   c - +0 buckler
rNeg    . . .      Spirit   .   b - +0 scale mail
rPois   .          Reflect  .   (no helmet)
rElec   .          Harm     .   (no cloak)
rCorr   .          Rampage  .   (no gloves)
Will    .....                   (no boots)
Stlth   ..........              (no amulet)
HPRegen 0.06/turn               (no ring)
MPRegen 0.07/turn               (no ring)

@: no status effects
A: no striking features
a: no special abilities


You were on level 1 of the Dungeon.
You visited 1 branch of the dungeon, and saw 1 of its levels.

Inventory:

Hand Weapons
 a - a +0 long sword (weapon)
 f - a +0 hand axe
Missiles
 e - 3 poisoned darts (quivered)
Armour
 b - a +0 scale mail (worn)
 c - a +0 buckler (worn)
Potions
 d - a potion of might


   Skills:
 + Level 3.1 Fighting
 + Level 2.0 Long Blades
 + Level 3.0 Armour
 + Level 3.0 Shields


You couldn't memorise any spells.
You didn't know any spells.
Your spell library was empty.

Dungeon Overview and Level Annotations

Branches:
Dungeon (1/15)

Altars:


Message History

The quokka bites you but does no damage.
The giant cockroach bites you but does no damage.
The rat bites you but does no damage.
The quokka bites you but does no damage.
You hit the giant cockroach.
The giant cockroach is almost dead.
The giant cockroach bites you but does no damage.
The rat barely misses you. You block the quokka's attack.
The rat closely misses you. You block the giant cockroach's attack.
The rat bites you. The quokka barely misses you.
You slash the giant cockroach!
You kill the giant cockroach!
The rat barely misses you. The rat bites you. The quokka bites you.
The rat misses you. The rat closely misses you. The quokka bites you.
* * * LOW HITPOINT WARNING * * *
The quokka bites you but does no damage.
The quokka bites you but does no damage.
The rat bites you.
* * * LOW HITPOINT WARNING * * *
The rat bites you but does no damage. The rat barely misses you.
The quokka bites you.
* * * LOW HITPOINT WARNING * * *
The quokka bites you but does no damage.
You closely miss the rat. The rat closely misses you.
The quokka bites you but does no damage.
The rat bites you but does no damage.
You slash the rat!
You kill the rat!
The quokka bites you but does no damage.
The rat bites you but does no damage. The quokka barely misses you.
The rat closely misses you.
You closely miss the rat.
The quokka bites you but does no damage.
The rat bites you but does no damage. The quokka bites you.
* * * LOW HITPOINT WARNING * * *
The rat bites you.
You die...

....(.. .... #####...
#....##..# #.......
#?.....# ####.###...
#..†#.# #....# #...
#.....# #.#### #...
##.#...# #.# ####
#......### #.# #
#.#.#.†r.#####.# #
...#.#.r@.......####
####
.......####..........#
#... .....##
#..........# #...
.....
##......######... ..
####...#.8#.#### ...
.....#........
###...#...8..8.
#...#<.......
#...#...8..8.


You could see a quokka and a rat.

Vanquished Creatures
  A giant cockroach (D:1)
  A bat (D:1)
  A frilled lizard (D:1)
  2 rats (D:1)
5 creatures vanquished.

Notes
Turn   | Place    | Note
-------+----------+-------------------------------------------
     0 | D:1      | wateke the Human Fighter began the quest for the Orb.
     0 | D:1      | Reached XP level 1. HP: 18/18 MP: 1/1
   101 | D:1      | Slain by a rat

Illustrated notes

Levels and vault maps discovered:
D:1:      elethiomel_arrival_quiet, layout_rooms, basic_ecumenical_altar

Action                   || total
-------------------------++-------
Melee: Long sword        ||    20
Armor: Scale mail        ||    35
Dodge: Dodged            ||    18
Block: Buckler           ||     9

Table legend: (Time is in decaauts)
 A = Elapsed time spent in this place.
 B = Non-inter-level travel time spent in this place.
 C = Inter-level travel time spent in this place.
 D = Time resting spent in this place.
 E = Time spent auto-exploring this place.
 F = Levels seen in this place.
 G = Mean time per level.
                   A        B        C        D        E       F      G
               +--------+--------+--------+--------+--------+-----+--------+
         Total |    107 |     69 |     38 |      0 |      0 |   1 |  107.0 |
       Dungeon |    107 |     69 |     38 |      0 |      0 |   1 |  107.0 |
               +--------+--------+--------+--------+--------+-----+--------+

Top non-repeatable levels by time:
     D:1: 107 daAuts
